 Dungeon Crawl Stone Soup version 0.16-b1 (webtiles) character file.

45900 BLOAX the Unseen (level 14, 0/74 HPs)
             Began as a Vine Stalker Chaos Knight on Mar 15, 2015.
             Slain by a wolf spider (11 damage)
             ... while paralysed by a hornet
             ... on level 8 of the Lair of Beasts.
             The game lasted 01:08:48 (11670 turns).

BLOAX the Unseen (Vine Stalker Chaos Knight)       Turns: 11670, Time: 01:08:48

Health: 0/74       AC: 12    Str: 18      XL:     14   Next: 35%
Magic:  0/28       EV:  4    Int: 10 (12) God:    Xom [......]
Gold:   639        SH:  0    Dex: 13 (16) Spells: 3 memorised, 16 levels left

rFire  + . .     SeeInvis .     w - +5 rapier (drain)
rCold  + . .     Rnd*Rage +     a - +3 ring mail
rNeg   . . .     SustAb   .     (no shield)
rPois  .         Gourm    .     O - +0 helmet
rElec  .         Spirit   +     b - +0 cloak
rCorr  .         Warding  .     h - +1 pair of gloves
rMut   .         Stasis   .     (no boots)
MR     +....                    L - amulet of regeneration
Stlth  ++++++++..               d - ring of protection from fire
                                u - ring of stealth

@: paralysed, lethally poisoned (0 -> -76), slowed, somewhat resistant to
hostile enchantments, extraordinarily stealthy
A: fangs 3, repulsion field 1, berserk 1, blurry vision 1, cold resistance 1,
deterioration 1, regeneration 3, spit poison 1, magic shield, antimagic bite, no
device heal 3, rot immunity
a: Spit Poison, Renounce Religion


You were on level 8 of the Lair of Beasts.
You worshipped Xom.
You were a very special plaything of Xom.
You were not hungry.

You visited 3 branches of the dungeon, and saw 23 of its levels.

You collected 3258 gold pieces.
You spent 2619 gold pieces at shops.


Innate Abilities, Weirdness & Mutations

You have razor-sharp teeth.
You regenerate.
When hurt, damage is shared between your health and your magic reserves.
Your bite disrupts and absorbs the magic of your enemies.
Potions and wands cannot restore your health.
You are immune to rotting.
You are surrounded by a mild repulsion field (EV +2).
You tend to lose your temper in combat.
Scrolls take you a little longer to read.
Your flesh is cold resistant.
Your body is slowly deteriorating.
You can spit poison.


   Skills:
 + Level 8.8 Fighting
 + Level 11.6 Short Blades
 - Level 1.5 Armour
 + Level 10.1 Dodging
 - Level 19.6 Stealth
 - Level 5.4 Spellcasting
 - Level 4.1 Translocations


You had 16 spell levels left.
You knew the following spells:

 Your Spells              Type           Power        Failure   Level  Hunger
a - Blink                 Tloc           N/A          12%         2    ##.....
b - Repel Missiles        Chrm/Air       #.....       71%         2    ##.....
c - Mephitic Cloud        Conj/Pois/Air  #.......     96%         3    ###....


Dungeon Overview and Level Annotations

Branches:
Dungeon (11/15)            Temple (0/1) D:4            Lair (8/8) D:8
  Swamp (0/5) Lair:4       Spider (0/5) Lair:6          Orc (4/4) D:9
    Elf (0/3) Orc:3
  Slime: Lair:6-8

Altars:
Gozag
Okawaru
Ru
Xom
Zin
The Shining One
Beogh

Shops:
D:7 :   Orc:4 ::[(!(::

Inventory:

Hand weapons
 e - the +4 short sword of Change {pierce, rPois}
   (You found it on level 1 of the Lair of Beasts)

   It inflicts extra damage upon your enemies.
   It protects you from poison.
 n - a +0 blowgun
   (You took it off a kobold on level 9 of the Dungeon)
 w - a +5 rapier of draining (weapon)
   (You took it off Eustachio on level 6 of the Dungeon)
 J - a +2 dagger of speed
   (You took it off an orc wizard on level 2 of the Orcish Mines)
 N - a +1 dagger of pain
   (You took it off an orc wizard on level 4 of the Orcish Mines)
Missiles
 v - 10 curare-tipped needles
 y - 14 poisoned needles
 A - 3 throwing nets (quivered)
Armour
 a - a +3 ring mail (worn)
   (You took it off Ijyb on level 6 of the Dungeon)
 b - a +0 cloak (worn)
   (You found it on level 6 of the Dungeon)
 g - the +4 ring mail of Mumblety Peg {rElec rC+ rN+ Int+2 Slay-2}
   (You bought it in a shop on level 4 of the Orcish Mines)

   It affects your intelligence (+2).
   It affects your accuracy and damage with ranged weapons and melee attacks
   (-2).
   It protects you from cold.
   It insulates you from electricity.
   It protects you from negative energy.
 h - a +1 pair of gloves (worn)
   (You found it on level 1 of the Dungeon)
 G - a +0 shield
   (You found it on level 8 of the Dungeon)
 K - a +1 scale mail of fire resistance
   (You took it off an orc on level 3 of the Orcish Mines)
 O - a +0 helmet (worn)
   (You found it on level 7 of the Lair of Beasts)
Jewellery
 d - a ring of protection from fire (right hand)
   (You found it on level 10 of the Dungeon)
 i - an uncursed ring of ice
   (You took it off Fannar on level 11 of the Dungeon)
 j - a cursed ring of loudness {unknown}
   (You found it on level 7 of the Lair of Beasts)
 m - an uncursed amulet of warding
   (You found it on level 2 of the Dungeon)
 u - a ring of stealth (left hand)
   (You found it on level 7 of the Dungeon)
 L - an amulet of regeneration (around neck)
   (You found it on level 10 of the Dungeon)
 R - an uncursed ring of protection from cold
   (You found it on level 3 of the Lair of Beasts)
Magical devices
 f - a wand of fireball (8)
   (You found it on level 10 of the Dungeon)
 F - a wand of disintegration (14)
   (You found it on level 2 of the Lair of Beasts)
 H - a wand of polymorph (10)
   (You found it on level 8 of the Dungeon)
 I - a wand of enslavement (11)
   (You found it on level 8 of the Dungeon)
Scrolls
 l - 3 scrolls of recharging
 o - 2 scrolls of magic mapping {unknown}
 t - a scroll of fog
 x - 4 scrolls of teleportation
 B - a scroll of fear
 M - a scroll of enchant armour
 S - a scroll of identify
Potions
 k - 13 potions of curing
 p - a potion of haste
 q - 2 potions of might
 r - 3 potions of resistance
 s - 2 potions of berserk rage
 z - 2 potions of restore abilities
 C - a potion of flight
 E - 2 potions of ambrosia {!q}
Miscellaneous
 D - a phantom mirror
Comestibles
 c - 6 bread rations
 P - 2 beef jerkies
 Q - 3 meat rations

#....#......#.%...
#...##....##....#
#%..#....#..).#.
#...#.......#..
##.....#...#... #
##.#.##....... ##.##
####.#......# #$[..###
##..%#....##
#$$S@y####....#.###..
#!).Ss.....PP.### ..
#?%......P.PP.### ..
#!$...####....#.###..
#.$..###...ยค.%##%...##
##.###...#%.##..#....#
###....#..####%%.....
......##..# #.......
P....##..## ##......


You could see a wolf spider, a hornet, a guardian serpent and a black mamba.


Message History

Wield which item (- for none, * to show all)? (? for menu, Esc to quit)
n - a +0 blowgun (weapon)
You swing at nothing.
You feel sick.
You are no longer poisoned.
You swing at nothing.
You swing at nothing.
You swing at nothing.
You swing at nothing.
You swing at nothing.
You swing at nothing.
You swing at nothing.
You swing at nothing.
Wield which item (- for none, * to show all)? (? for menu, Esc to quit)
You sense an unholy aura.
w - a +5 rapier of draining (weapon)
Found 9 gold pieces.
A wolf spider comes into view.
Found three items.
A black mamba and a hornet come into view.
Found three items.
Drink which item? (? for menu, Esc to quit)
Okay, then.
Found 16 gold pieces.
The helpless spiny frog fails to defend itself.
You perforate the spiny frog like a sieve!!!!
You kill the spiny frog!
The guardian serpent shouts!
The guardian serpent weaves intricate patterns with the tip of its tongue.
The hornet blinks!
The black mamba blinks!
The wolf spider blinks!
Read which item? (? for menu, Esc to quit)
The black mamba bites you but does no damage.
The wolf spider misses you. x2
The hornet stings you!
You are poisoned.
You feel yourself slow down.
You feel sick. The black mamba bites you! The wolf spider hits you.
The wolf spider closely misses you.
The hornet stings you but does no damage.
The black mamba misses you. The wolf spider misses you.
The wolf spider completely misses you. The hornet stings you!
You are more poisoned.
You suddenly lose the ability to move!
The black mamba bites you!
You are more poisoned.
The black mamba poisons you!
You feel very sick.
The wolf spider hits you but does no damage.
The wolf spider bites you.
You are lethally poisoned!
The wolf spider poisons you! The hornet stings you.
You are more poisoned.
You feel as though you will be slow longer.
The black mamba completely misses you.
The guardian serpent hits you but does no damage.
You feel extremely sick.
The black mamba bites you but does no damage.
The wolf spider completely misses you. The wolf spider bites you.
* * * LOW HITPOINT WARNING * * *
The hornet stings you!
* * * LOW HITPOINT WARNING * * *
You are more poisoned.
You feel as though you will be slow longer.
The black mamba bites you!
* * * LOW HITPOINT WARNING * * *
The guardian serpent casts a spell at you.
The bolt of poison hits you!
You are more poisoned.
* * * LOW HITPOINT WARNING * * *
The wolf spider hits you!
You die...
Xom cackles wildly!

Action                   |  1- 3 |  4- 6 |  7- 9 | 10-12 | 13-15 || total
-------------------------+-------+-------+-------+-------+-------++-------
Melee: Short sword       |    78 |   105 |    70 |       |    95 ||   348
       Rapier            |       |       |   294 |  1090 |   712 ||  2096
       Unarmed           |       |       |       |       |    18 ||    18
Throw: Throwing net      |       |       |       |     2 |       ||     2
Evoke: Wand              |       |       |     2 |       |     1 ||     3
  Use: Scroll            |     2 |     2 |     6 |    15 |    10 ||    35
       Potion            |       |     2 |     1 |     5 |     3 ||    11
 Stab: Sleeping          |       |     2 |    11 |    44 |    28 ||    85
       Confused          |       |       |     1 |     4 |     6 ||    11
       Distracted        |       |       |     3 |     4 |     1 ||     8
       Paralysed         |       |       |     1 |       |       ||     1
       Held in net/web   |       |       |       |     1 |       ||     1
       Invisible         |       |       |       |     4 |       ||     4
       Betrayed ally     |       |       |       |       |     1 ||     1
  Eat: Fruit             |     5 |       |       |       |     1 ||     6
       Beef jerky        |     1 |     1 |     2 |     1 |       ||     5
       Bread ration      |       |       |     1 |     1 |       ||     2
       Meat ration       |       |       |       |     1 |     1 ||     2
       Chunk             |       |       |       |    12 |     8 ||    20
       Royal jelly       |       |       |       |       |     1 ||     1

Vault maps used:
D:1:      dpeg_arrival_rooms_with_view
D:2:      kennysheep_big_flooded_room
D:3:      amethyst_overflow_temple_binary, lemuel_doored_altar, first_bread
D:4:      minmay_temple_entry_junction, kennysheep_generic_room_3
D:5:      uniq_prince_ribbit1, uniq_natasha
D:6:      lemuel_coloured_pillars_altar, serial_bayou_lagoon_a,
          fedhas_altar_decomposition, uniq_iyjb, uniq_eustachio
D:7:      nicolae_ru_great_annihilating_truth, serial_shops, shop,
          grunt_ogre_cave
D:8:      old_standard_altar, grunt_lair_entry_elf_guard_hut,
          minmay_misc_feat_doors, hangedman_decor_points
D:9:      orc_0_dummy
D:10:     nicolae_sextant, minmay_statues_item, minmay_fire_ice_demons,
          uniq_josephine
D:11:     uniq_fannar
Lair:1:   nicolae_lair_grove_arrangements, grunt_forest_stairs_basic,
          minmay_holes, eino_small_chamber_without_monster
Lair:2:   nicolae_quartered_pool_super
Lair:3:   forest_entry_grove, serial_bayou_shore_a, uniq_snorg
Lair:4:   minmay_swamp_entry_worms
Lair:5:   grunt_megastairs_3
Lair:6:   spider_nest_entry_a, eino_house_with_fridge, lemuel_fruit_fields,
          uniq_erica
Lair:7:   minmay_hedge_maze
Lair:8:   hangedman_lair_tendril_chambers, slime_altar_1, st_stairs_7
Orc:3:    nicolae_orc_pool_cavern, nicolae_orc_crystal_geode
Orc:4:    grunt_orc_community_town_hall, grunt_orc_community_big_house_2,
          grunt_orc_community_big_house_2, grunt_orc_community_house_3,
          grunt_orc_community_house_2, grunt_orc_community_house_1,
          grunt_orc_community_house_2, grunt_orc_community_house_1,
          serial_shops, shop, nicolae_shop_crystal, shop_fountains, shop,
          nicolae_shop_trees

Notes
Turn   | Place    | Note
--------------------------------------------------------------
     0 | D:1      | BLOAX, the Vine Stalker Chaos Knight, began the quest for the Orb.
     0 | D:1      | Reached XP level 1. HP: 11/11 MP: 1/1
    46 | D:1      | XOM: divination: magic mapping
    62 | D:1      | Reached skill level 1 in Stealth
   117 | D:1      | XOM: butterfly on damage
   126 | D:1      | Reached XP level 2. HP: 11/16 MP: 3/3
   220 | D:1      | XOM: divination: detect items
   220 | D:1      | XOM: butterfly on damage
   271 | D:2      | XOM: divination: detect items
   290 | D:2      | XOM: silly message
   305 | D:2      | Reached skill level 1 in Spellcasting
   357 | D:1      | You fall through a shaft!
   380 | D:2      | XOM: potion effect (magic)
   385 | D:2      | Reached skill level 2 in Stealth
   392 | D:2      | Reached XP level 3. HP: 10/19 MP: 5/5
   482 | D:2      | Reached skill level 3 in Short Blades
   720 | D:3      | XOM: divination: detect creatures
   722 | D:3      | Reached skill level 2 in Spellcasting
   722 | D:3      | Reached XP level 4. HP: 23/23 MP: 6/8
   767 | D:3      | Reached skill level 3 in Stealth
   801 | D:3      | Found a glowing silver altar of Zin.
   907 | D:3      | XOM: silly message
   982 | D:4      | Noticed an ogre
  1074 | D:4      | XOM: potion effect (berserk rage)
  1078 | D:4      | Killed an ogre
  1078 | D:4      | Reached XP level 5. HP: 21/27 MP: 5/12
  1112 | D:4      | Found a staircase to the Ecumenical Temple.
  1298 | D:3      | Found an iron altar of Okawaru.
  1298 | D:3      | Found an opulent altar of Gozag.
  1356 | D:4      | Reached skill level 3 in Spellcasting
  1370 | D:5      | Entered Level 5 of the Dungeon
  1386 | D:5      | Noticed an ogre
  1396 | D:5      | Killed an ogre
  1396 | D:5      | Reached skill level 4 in Stealth
  1396 | D:5      | Gained mutation: You heal very quickly. [vine stalker growth]
  1396 | D:5      | Reached XP level 6. HP: 16/32 MP: 10/15
  1397 | D:5      | XOM: potion effect (berserk rage)
  1411 | D:5      | Reached skill level 4 in Short Blades
  1479 | D:5      | Noticed Natasha
  1486 | D:5      | XOM: potion effect (might)
  1487 | D:5      | Killed Natasha
  1487 | D:5      | Reached skill level 5 in Stealth
  1493 | D:5      | Noticed Prince Ribbit
  1500 | D:5      | Killed Prince Ribbit
  1500 | D:5      | Reached skill level 4 in Spellcasting
  1500 | D:5      | Reached XP level 7. HP: 35/35 MP: 13/18
  1570 | D:6      | Reached skill level 6 in Stealth
  1603 | D:6      | XOM: smoke on damage
  1649 | D:6      | Found a glowing golden altar of the Shining One.
  1696 | D:6      | XOM: silly message
  1701 | D:6      | XOM: divination: detect creatures
  1719 | D:6      | XOM: enchant monster (good)
  1731 | D:6      | Noticed Eustachio
  1736 | D:6      | XOM: confuse monster(s)
  1750 | D:6      | Reached skill level 5 in Short Blades
  1763 | D:6      | XOM: summons friendly quasit
  1768 | D:6      | XOM: enchant monster (bad)
  1778 | D:6      | Killed Eustachio
  1778 | D:6      | Reached skill level 5 in Spellcasting
  1778 | D:6      | Gained mutation: You have razor-sharp teeth. [vine stalker growth]
  1778 | D:6      | Reached XP level 8. HP: 28/39 MP: 17/21
  1917 | D:6      | Noticed Ijyb
  1928 | D:6      | XOM: confuse monster(s)
  1949 | D:6      | Killed Ijyb
  2021 | D:6      | Reached skill level 7 in Stealth
  2122 | D:7      | Noticed herpmino's ghost (experienced MiGl)
  2125 | D:7      | XOM: potion effect (haste)
  2129 | D:7      | XOM: potion effect (might)
  2138 | D:7      | Killed herpmino's ghost
  2138 | D:7      | Reached skill level 4 in Fighting
  2138 | D:7      | Reached skill level 6 in Short Blades
  2138 | D:7      | Reached skill level 8 in Stealth
  2138 | D:7      | Reached XP level 9. HP: 11/45 MP: 23/23
  2172 | D:7      | Found Leubo's Book Shop.
  2209 | D:7      | XOM: give mutation
  2209 | D:7      | Gained mutation: Your flesh is cold resistant. [Xom's grace]
  2210 | D:7      | XOM: summons friendly rust devil
  2218 | D:7      | XOM: 8-stop teleportation journey
  2235 | D:7      | XOM: summons friendly ufetubus
  2424 | D:7      | XOM: mild Air miscast
  2454 | D:7      | Found a sacrificial altar of Ru.
  2635 | D:7      | Reached skill level 9 in Stealth
  2730 | D:7      | You fall through a shaft!
  2794 | D:8      | Reached skill level 5 in Fighting
  2864 | D:8      | Reached skill level 7 in Short Blades
  2869 | D:8      | XOM: divination: detect items
  2953 | D:8      | Found a shimmering altar of Xom.
  2981 | D:8      | XOM: fog
  2998 | D:8      | Reached skill level 10 in Stealth
  3006 | D:8      | Noticed Christof's ghost (experienced MiFi)
  3006 | D:8      | XOM: destruction
  3016 | D:8      | XOM: enchant monster (good)
  3033 | D:8      | XOM: divination: detect creatures
  3039 | D:8      | XOM: summons 9 friendly demons
  3046 | D:8      | XOM: divine lightning (protected)
  3051 | D:8      | XOM: divination: magic mapping
  3113 | D:8      | XOM: confusion
  3115 | D:8      | HP: 11/48 [Christof's ghost (12)]
  3124 | D:8      | XOM: divination: detect items
  3138 | D:8      | HP: 12/48 [Christof's ghost (10)]
  3147 | D:8      | XOM: divination: detect items
  3168 | D:8      | HP: 10/48 [Christof's ghost (13)]
  3177 | D:8      | XOM: fog
  3214 | D:8      | XOM: potion effect (berserk rage)
  3217 | D:8      | XOM: summons 4 friendly demons
  3230 | D:8      | Killed Christof's ghost
  3230 | D:8      | Reached skill level 6 in Fighting
  3230 | D:8      | Reached XP level 10. HP: 34/53 MP: 20/24
  3357 | D:8      | XOM: vitrification
  3362 | D:8      | XOM: colour smoke trail
  3429 | D:9      | Found a staircase to the Orcish Mines.
  3459 | Orc:1    | Entered Level 1 of the Orcish Mines
  3477 | Orc:1    | Reached skill level 8 in Short Blades
  3485 | Orc:1    | Reached skill level 1 in Dodging
  3795 | Orc:1    | Reached skill level 11 in Stealth
  3869 | Orc:1    | XOM: harmless Hex miscast
  3949 | Orc:2    | XOM: 4-stop teleportation journey
  4152 | Orc:2    | Reached skill level 2 in Dodging
  4153 | Orc:2    | Noticed an orc high priest
  4163 | Orc:2    | Noticed a soul eater
  4163 | Orc:2    | Killed an orc high priest
  4236 | Orc:3    | Reached skill level 3 in Dodging
  4246 | Orc:2    | XOM: swap monsters
  4281 | Orc:3    | XOM: swap monsters
  4318 | Orc:3    | Found a staircase to the Elven Halls.
  4354 | Orc:3    | Reached skill level 12 in Stealth
  4377 | Orc:3    | XOM: summons friendly shadow imp
  4515 | Orc:3    | XOM: divination: detect items
  4551 | Orc:3    | XOM: mild Air miscast
  4592 | Orc:3    | Noticed an orc knight
  4635 | Orc:3    | Killed an orc knight
  4635 | Orc:3    | Reached skill level 9 in Short Blades
  4635 | Orc:3    | Reached XP level 11. HP: 46/57 MP: 19/25
  4644 | Orc:3    | Reached skill level 4 in Dodging
  4672 | Orc:3    | Noticed an orc sorcerer
  4738 | Orc:3    | XOM: cast spell 'Metabolic Englaciation'
  4765 | Orc:3    | XOM: cast spell 'Excruciating Wounds'
  4774 | Orc:3    | Noticed an ice devil
  4781 | Orc:3    | Killed an orc sorcerer
  4870 | Orc:4    | Entered Level 4 of the Orcish Mines
  4870 | Orc:4    | Found Bluole's Book Emporium.
  4911 | Orc:4    | Identified 2 scrolls of acquirement
  4931 | Orc:4    | Found a roughly hewn altar of Beogh.
  4934 | Orc:4    | Found Piemoemi's Book Boutique.
  4934 | Orc:4    | Noticed an orc high priest
  4955 | Orc:4    | Killed an orc high priest
  5154 | D:7      | Bought a manual of Stealth for 1656 gold pieces
  5158 | D:7      | XOM is BORED!
  5158 | D:7      | XOM: medium Erth miscast
  5273 | D:9      | XOM: summons friendly quasit
  5278 | D:9      | XOM: scenery: create altars
  5316 | D:10     | Entered Level 10 of the Dungeon
  5446 | D:10     | XOM: mild Hex miscast
  5854 | Orc:4    | XOM: mild Erth miscast
  5871 | Orc:4    | Found Klaomaj's Distillery.
  5882 | Orc:4    | Bought a potion of mutation for 40 gold pieces
  5882 | Orc:4    | Gained mutation: You tend to lose your temper in combat. [potion of mutation]
  5882 | Orc:4    | Gained mutation: You are surrounded by a mild repulsion field (EV +2). [potion of mutation]
  5882 | Orc:4    | Gained mutation: You are clumsy. (Dex -2) [potion of mutation]
  5887 | Orc:4    | Bought a potion of invisibility for 128 gold pieces
  5887 | Orc:4    | Bought a potion of might for 64 gold pieces
  5887 | Orc:4    | Bought a potion of might for 64 gold pieces
  5897 | Orc:4    | Found Biufob's Book Emporium.
  5906 | Orc:4    | Bought a book of Minor Magic for 260 gold pieces
  5909 | Orc:4    | Learned a level 2 spell: Blink
  5912 | Orc:4    | Learned a level 2 spell: Repel Missiles
  5916 | Orc:4    | Learned a level 3 spell: Mephitic Cloud
  5919 | Orc:4    | Found Wossung's Book Shoppe.
  5929 | Orc:4    | XOM: noise
  5965 | Orc:4    | Found a roughly hewn altar of Beogh.
  5968 | Orc:4    | Reached skill level 13 in Stealth
  5974 | Orc:4    | XOM: stat loss: -1 Int (11/12)
  6021 | Orc:4    | Noticed an orc high priest
  6024 | Orc:4    | XOM: summons friendly quasit
  6034 | Orc:4    | Killed an orc high priest
  6034 | Orc:4    | Reached skill level 5 in Dodging
  6044 | Orc:4    | Noticed an orc high priest
  6045 | Orc:4    | XOM: fog
  6054 | Orc:4    | XOM: confuse monster(s)
  6063 | Orc:4    | Noticed a soul eater
  6064 | Orc:4    | XOM: smoke on damage
  6085 | Orc:4    | XOM: give mutations
  6085 | Orc:4    | Gained mutation: Your body is slowly deteriorating. [Xom's mischief]
  6085 | Orc:4    | Gained mutation: Scrolls take you a little longer to read. [Xom's mischief]
  6104 | Orc:4    | Found Scheabbe's Antique Weapon Emporium.
  6106 | Orc:4    | Found a roughly hewn altar of Beogh.
  6177 | Orc:4    | Found a roughly hewn altar of Beogh.
  6237 | Orc:4    | XOM: summons friendly shadow imp
  6240 | Orc:4    | Noticed a soul eater
  6240 | Orc:4    | XOM: swap monsters
  6245 | Orc:4    | Killed an orc high priest
  6288 | Orc:4    | XOM: cast spell 'Olgreb's Toxic Radiance'
  6294 | Orc:4    | Noticed Saint Roka
  6308 | Orc:4    | HP: 13/57 [Saint Roka/divine providence (6)]
  6327 | Orc:4    | XOM: polymorph orc warrior -> wasp
  6415 | Orc:4    | XOM: divine lightning (protected)
  6418 | Orc:4    | XOM: fog
  6433 | Orc:4    | XOM: enchant monster (good)
  6443 | Orc:4    | Reached skill level 14 in Stealth
  6452 | Orc:4    | Reached skill level 10 in Short Blades
  6584 | Orc:4    | Found a roughly hewn altar of Beogh.
  6584 | Orc:4    | Found Ilusiant's Antique Weapon Emporium.
  6586 | Orc:4    | Found Lyghudiqoxt's Antique Armour Shoppe.
  6586 | Orc:4    | XOM: swap monsters
  6616 | Orc:4    | Bought a citrine-encrusted ring mail for 279 gold pieces
  6626 | Orc:4    | Identified the +4 ring mail of Mumblety Peg {rElec rC+ rN+ Int+2 Slay-2} (You bought it in a shop on level 4 of the Orcish Mines)
  6670 | Orc:4    | XOM: polymorph orc -> giant newt
  6682 | Orc:4    | XOM: potion effect (invisibility)
  6699 | Orc:4    | Killed Saint Roka
  6699 | Orc:4    | Reached skill level 6 in Dodging
  6699 | Orc:4    | Reached skill level 15 in Stealth
  6699 | Orc:4    | Gained mutation: You regenerate. [vine stalker growth]
  6699 | Orc:4    | Reached XP level 12. HP: 62/62 MP: 26/26
  6755 | Orc:4    | Bought a runed rapier for 128 gold pieces
  7141 | D:10     | Noticed Josephine
  7346 | D:10     | XOM: divination: magic mapping
  7363 | D:10     | Killed Josephine
  7363 | D:10     | Reached skill level 7 in Dodging
  7376 | D:10     | XOM: harmless Divn miscast
  7393 | D:11     | Noticed a centaur warrior
  7397 | D:11     | Killed a centaur warrior
  7397 | D:11     | Reached skill level 16 in Stealth
  7425 | D:11     | Lost mutation: You are clumsy. (Dex -2) [potion of mutation]
  7441 | D:11     | Noticed Fannar
  7461 | D:11     | XOM: divination: detect creatures
  7492 | D:11     | Killed Fannar
  7529 | D:11     | Reached skill level 11 in Short Blades
  7762 | D:11     | XOM: divination: detect items
  7773 | D:11     | XOM: harmless Conj miscast
  7848 | D:11     | XOM: potion effect (agility)
  7849 | D:11     | XOM: potion effect (haste)
  7920 | D:11     | XOM: silly message
  8280 | D:9      | XOM: potion effect (brilliance)
  8292 | D:9      | Reached skill level 1 in Translocations
  8292 | D:9      | XOM: divine lightning
  8304 | D:9      | XOM: cast spell 'Confusing Touch'
  8658 | D:8      | Found a staircase to the Lair.
  8674 | Lair:1   | Entered Level 1 of the Lair of Beasts
  8678 | Lair:1   | XOM: god gift: 6 poisoned tomahawks
  8683 | Lair:1   | XOM: divination: detect items
  8686 | Lair:1   | Reached skill level 17 in Stealth
  8686 | Lair:1   | Reached skill level 2 in Translocations
  8687 | Lair:1   | XOM: cast spell 'Discord'
  8688 | Lair:1   | XOM: divination: magic mapping
  8820 | Lair:1   | Got a bloodstained short sword
  8821 | Lair:1   | Identified the +4 short sword of Change {pierce, rPois} (You found it on level 1 of the Lair of Beasts)
  8824 | Lair:1   | XOM: scenery: 1 doors open
  8832 | Lair:1   | Reached XP level 13. HP: 49/65 MP: 22/27
  8873 | Lair:1   | Gained mutation: You can spit poison. [potion of beneficial mutation]
  8905 | Lair:1   | Reached skill level 8 in Dodging
  8933 | Lair:1   | XOM: summons friendly shadow imp
  8952 | Lair:1   | XOM: confuse monster(s)
  8956 | Lair:1   | Reached skill level 3 in Translocations
  8992 | Lair:1   | XOM: potion effect (might)
  9069 | Lair:1   | XOM: medium Air miscast
  9155 | Lair:2   | XOM: divination: detect creatures
  9266 | Lair:2   | XOM: noise
  9488 | Lair:3   | Reached skill level 18 in Stealth
  9488 | Lair:3   | Reached skill level 4 in Translocations
  9623 | Lair:3   | XOM: cast spell 'Dispersal'
  9624 | Lair:3   | XOM: mild Hex miscast
  9643 | Lair:3   | XOM: confuse monster(s)
  9757 | Lair:3   | Noticed Snorg
  9783 | Lair:3   | XOM: divination: magic mapping
  9788 | Lair:3   | XOM: summons friendly crimson imp
  9799 | Lair:3   | XOM: divination: detect creatures
  9838 | Lair:3   | Killed Snorg
  9933 | Lair:4   | XOM: confuse monster(s)
  9942 | Lair:4   | XOM: divination: detect items
  9972 | Lair:4   | XOM: divination: detect items
  9988 | Lair:4   | XOM: potion effect (brilliance)
 10131 | Lair:4   | Found a staircase to the Swamp.
 10247 | Lair:5   | XOM: noise
 10259 | Lair:5   | XOM: divination: magic mapping
 10274 | Lair:5   | Reached skill level 7 in Fighting
 10274 | Lair:5   | Reached skill level 9 in Dodging
 10412 | Lair:5   | XOM: potion effect (brilliance)
 10482 | Lair:6   | Found a hole to the Spider Nest.
 10484 | Lair:6   | XOM: harmless Air miscast
 10488 | Lair:6   | XOM: harmless Pois miscast
 10787 | Lair:7   | XOM: potion effect (berserk rage)
 10790 | Lair:7   | Reached skill level 19 in Stealth
 10866 | Lair:7   | XOM: divination: magic mapping
 10867 | Lair:7   | XOM: silly message
 10873 | Lair:7   | XOM: summons friendly iron imp
 10877 | Lair:7   | XOM: cast spell 'Conjure Ball Lightning'
 10889 | Lair:7   | XOM: summons friendly shadow imp
 10889 | Lair:7   | XOM: smoke on damage
 10892 | Lair:7   | XOM: smoke on damage
 10898 | Lair:7   | XOM: divination: magic mapping
 10996 | Lair:7   | XOM: confuse monster(s)
 11009 | Lair:7   | Reached skill level 8 in Fighting
 11009 | Lair:7   | Reached XP level 14. HP: 42/73 MP: 28/28
 11030 | Lair:7   | XOM: confuse monster(s)
 11120 | Lair:8   | Entered Level 8 of the Lair of Beasts
 11140 | Lair:8   | XOM: confuse monster(s)
 11167 | Lair:8   | XOM: confuse monster(s)
 11174 | Lair:8   | XOM: medium Ice miscast
 11190 | Lair:8   | XOM: blink monster(s)
 11196 | Lair:8   | XOM: enchant monster (bad)
 11210 | Lair:8   | XOM: blink monster(s)
 11302 | Lair:8   | XOM: silly message
 11313 | Lair:8   | XOM: silly message
 11331 | Lair:8   | XOM: cast spell 'Hydra Form'
 11332 | Lair:8   | XOM: polymorph spiny frog -> manticore
 11340 | Lair:8   | XOM: polymorph wasp -> tengu
 11470 | Lair:8   | Reached skill level 10 in Dodging
 11555 | Lair:8   | XOM: summons friendly iron imp
 11597 | Lair:8   | XOM: fake destruction
 11634 | Lair:8   | XOM: smoke on damage
 11668 | Lair:8   | Paralysed by a hornet for 3 turns
 11670 | Lair:8   | HP: 11/74 [guardian serpent/bolt of poison (8)]
 11670 | Lair:8   | Slain by a wolf spider

Vanquished Creatures
  Saint Roka (Orc:4)
  Snorg (Lair:3)
  Josephine (D:10)
  2 hydras
  Fannar (D:11)
  A centaur warrior (D:11)
  6 death yaks (Lair:7)
  4 orc high priests
  The ghost of herpmino the Cleaver, an experienced MiGl (D:7)
  An orc knight (Orc:3)
  An orc sorcerer (Orc:3)
  A hill giant (D:11)
  A wolf spider (Lair:8)
  An ugly thing (D:11)
  A manticore (Lair:8)
  A cyclops (D:11)
  4 black mambas
  A torpor snail (Lair:4)
  3 komodo dragons
  11 spiny frogs
  A troll (Orc:2)
  A polar bear (Lair:3)
  3 giant leeches (Lair:4)
  Prince Ribbit (D:5)
  11 blink frogs
  A two-headed ogre (D:11)
  A spriggan (Lair:3)
  A basilisk (Lair:7)
  Eustachio (D:6)
  3 wraiths (D:10)
  17 yaks
  3 hippogriffs
  A deep elf fighter (D:8)
  3 wyverns
  A hungry ghost (D:9)
  A swamp worm (Lair:4)
  3 porcupines
  8 wolves
  17 orc warriors
  2 wargs (Orc:4)
  15 water moccasins
  12 spiders
  A necrophage (D:8)
  2 wasps
  3 sky beasts
  3 black bears
  2 phantoms
  A black bear (shapeshifter) (D:9)
  An ice beast (D:11)
  A tengu (Lair:8)
  5 boring beetles
  10 ogres
  3 big kobolds
  2 centaurs
  10 crocodiles
  A gnoll sergeant (Orc:4)
  6 giant frogs
  2 scorpions (D:8)
  10 killer bees
  A warg skeleton (Orc:4)
  2 electric eels (Lair:2)
  A giant frog zombie (D:5)
  5 crimson imps
  7 hounds
  8 jellies
  22 orc priests
  3 goliath beetles
  29 orc wizards
  5 iguanas
  Natasha (D:5)
  12 worker ants
  25 sheep
  4 hell rats (Lair:3)
  An ogre zombie (D:6)
  Ijyb (D:6)
  An ogre skeleton (Orc:4)
  2 hound skeletons
  2 worker ant zombies
  7 gnolls
  20 adders
  24 river rats
  3 shadow imps
  A white imp (D:10)
  2 worms
  An adder zombie (D:9)
  5 giant geckos
  An ooze (D:1)
  187 orcs
  14 bats
  3 giant cockroaches
  14 hobgoblins
  2 jackals (D:6)
  25 kobolds
  4 quokkas
  5 giant newts
  A giant newt (shapeshifter) (Orc:4)
  16 goblins
  A jackal zombie (D:6)
  4 orc skeletons (Orc:4)
  5 orc zombies (Orc:4)
  18 rats
  2 fungi
  A plant (Lair:8)
712 creatures vanquished.

Vanquished Creatures (collateral kills)
  The ghost of Christof the Basher, an experienced MiFi of Okawaru (D:8)
  2 orc sorcerers (Orc:4)
  A water moccasin (Lair:8)
  A wolf (Lair:1)
  3 orc warriors (Orc:4)
  An orc wizard (Orc:3)
  A river rat (Lair:8)
  3 orcs
  A hobgoblin (D:9)
  A bat (D:1)
  An orc zombie (Orc:4)
16 creatures vanquished.

Vanquished Creatures (others)
  A dancing weapon (Orc:4)
  2 ball lightnings (Lair:7)
  A yak (D:9)
  An orc warrior (Orc:4)
  3 crimson imps (D:8)
  3 quasits
  2 iron imps
  5 shadow imps
  2 white imps (D:8)
  An ufetubus (D:8)
  An orc (Orc:4)
  2 orc skeletons (Orc:4)
  3 butterflies
  A fungus (Lair:8)
28 creatures vanquished.

Grand Total: 756 creatures vanquished

Vault maps used:
D:1:      dpeg_arrival_rooms_with_view
D:2:      kennysheep_big_flooded_room
D:3:      amethyst_overflow_temple_binary, lemuel_doored_altar, first_bread
D:4:      minmay_temple_entry_junction, kennysheep_generic_room_3
D:5:      uniq_prince_ribbit1, uniq_natasha
D:6:      lemuel_coloured_pillars_altar, serial_bayou_lagoon_a,
          fedhas_altar_decomposition, uniq_iyjb, uniq_eustachio
D:7:      nicolae_ru_great_annihilating_truth, serial_shops, shop,
          grunt_ogre_cave
D:8:      old_standard_altar, grunt_lair_entry_elf_guard_hut,
          minmay_misc_feat_doors, hangedman_decor_points
D:9:      orc_0_dummy
D:10:     nicolae_sextant, minmay_statues_item, minmay_fire_ice_demons,
          uniq_josephine
D:11:     uniq_fannar
Lair:1:   nicolae_lair_grove_arrangements, grunt_forest_stairs_basic,
          minmay_holes, eino_small_chamber_without_monster
Lair:2:   nicolae_quartered_pool_super
Lair:3:   forest_entry_grove, serial_bayou_shore_a, uniq_snorg
Lair:4:   minmay_swamp_entry_worms
Lair:5:   grunt_megastairs_3
Lair:6:   spider_nest_entry_a, eino_house_with_fridge, lemuel_fruit_fields,
          uniq_erica
Lair:7:   minmay_hedge_maze
Lair:8:   hangedman_lair_tendril_chambers, slime_altar_1, st_stairs_7
Orc:3:    nicolae_orc_pool_cavern, nicolae_orc_crystal_geode
Orc:4:    grunt_orc_community_town_hall, grunt_orc_community_big_house_2,
          grunt_orc_community_big_house_2, grunt_orc_community_house_3,
          grunt_orc_community_house_2, grunt_orc_community_house_1,
          grunt_orc_community_house_2, grunt_orc_community_house_1,
          serial_shops, shop, nicolae_shop_crystal, shop_fountains, shop,
          nicolae_shop_trees
